 Dungeon Crawl Stone Soup version 0.16.0-1-gbc1383b (console) character file.

3994 gw the Carver (level 10, -3/91 HPs)
             Began as a Naga Fighter on Mar 14, 2015.
             Was a Priest of Makhleb.
             Slain by a killer bee (7 damage)
             ... on level 8 of the Dungeon.
             The game lasted 00:07:29 (9164 turns).

gw the Carver (Naga Fighter)                        Turns: 9164, Time: 00:07:29

Health: -3/91      AC: 15    Str: 19    XL:     10   Next: 23%
Magic:  18/18      EV:  3    Int:  9    God:    Makhleb [***...]
Gold:   377        SH:  9    Dex: 13    Spells: 0 memorised, 9 levels left

rFire  . . .     SeeInvis +     b - +0 scimitar
rCold  . . .     Clarity  .     l - +0 chain mail
rNeg   . . .     SustAb   .     c - +0 shield
rPois  +         Gourm    .     m - +0 helmet
rElec  .         Spirit   .     e - +1 cloak
rCorr  .         Warding  .     j - +2 pair of gloves
rMut   .         Stasis   .     (no barding)
MR     +....                    (no amulet)
Stlth  ..........               (no ring)
                                (no ring)

@: lethally poisoned (-3 -> -3), heavily drained, very slow, somewhat resistant
to hostile enchantments, extremely unstealthy
A: spit poison, see invisible, deformed body, poison resistance, slowness 2, AC
+3
a: Spit Poison, Minor Destruction, Lesser Servant of Makhleb, Renounce Religion


You were on level 8 of the Dungeon.
You worshipped Makhleb.
Makhleb was most pleased with you.
You were hungry.

You visited 1 branch of the dungeon, and saw 8 of its levels.

You collected 377 gold pieces.

Inventory:

Hand weapons
 b - a +0 scimitar (weapon)
Missiles
 g - 117 stones (quivered)
 r - 12 poisoned needles
Armour
 c - a +0 shield (worn)
 e - a +1 cloak (worn)
 j - a +2 pair of gloves (worn)
 l - a +0 chain mail (worn)
 m - a +0 helmet (worn)
Magical devices
 u - a wand of enslavement (21)
 w - a wand of confusion (37)
Scrolls
 a - a scroll of enchant armour {unknown}
 k - 9 scrolls of identify
 n - a scroll of amnesia
 t - 2 scrolls of remove curse
Potions
 q - a potion of restore abilities
 z - a potion of curing
Comestibles
 d - 7 bread rations
 f - 9 meat rations
 h - 3 slices of pizza
 i - 2 beef jerkies
 s - 4 fruits


   Skills:
 + Level 6.2(4.9) Fighting
 * Level 8.3(6.9) Long Blades
 + Level 4.9(3.7) Throwing
 + Level 5.1(3.8) Armour
 + Level 5.2(3.9) Shields
 + Level 5.1(3.8) Invocations


You had 9 spell levels left.
You didn't know any spells.

Dungeon Overview and Level Annotations

Branches:
Dungeon (8/15)             Temple (0/1) D:4
   Lair: D:8-11

Altars:
Cheibriados
Elyvilon
Makhleb
Ru
Trog
Zin

Annotations:
D:8 Maurice


Innate Abilities, Weirdness & Mutations

You cannot wear boots.
You can spit poison.
Your serpentine skin is tough (AC +3).
You have supernaturally acute eyesight.
Armour fits poorly on your strangely shaped body.
Your system is resistant to poisons.
You cover ground very slowly.


Message History

Your ynoxinul gestures.
Unknown command.
Unknown command.
Unknown command.
Unknown command.
ATTACKING (0,1)
You closely miss the killer bee.
The killer bee is lightly wounded.
You are feeling hungry.
The killer bee stings you but does no damage.
You block the killer bee's attack. The killer bee stings you.
Unknown command.
Unknown command.
Unknown command.
Unknown command.
ATTACKING (0,1)
You miss the killer bee.
The killer bee is lightly wounded.
You feel sick. The killer bee stings you!
You die...

#.##..........^..#
#.#########.)...#.
#.# #........ #.#
#......... #.#
#......... #5#
#......... #5#
##.....<.# #3#
#......## #N#
..#...## #y# ###


yFy ..yy. .#...(. #...###.. # .# ..# #. . You could see a giant frog, 5 killer
bees, a friendly ynoxinul and 2 friendly ufetubi.

Table legend:
 A = Turns spent in this place as a percentage of turns spent in the entire game.
 B = Non-inter-level travel turns spent in this place as a percentage of non-inter-level travel turns spent in the entire game.
 C = Inter-level travel turns spent in this place as a percentage of turns spent in this place.
 D = Turns resting spent in this place as a percentage of non-inter-level travel turns spent in this place.
 E = Turns spent auto-exploring this place as a percentage of non-inter-level travel turns spent in this place.
 F = Non-inter-level travel turns spent in this place divided by the number of levels of this place that you've seen.
                   A       B       C       D       E      F
               +-------+-------+-------+-------+-------+----------------------
         Total | 100.0 | 100.0 |   0.6 |   1.0 |   2.5 | 1642.8
       Dungeon | 100.0 | 100.0 |   0.6 |   1.0 |   2.5 | 1642.8
               +-------+-------+-------+-------+-------+----------------------

Table legend:
 A = Kills in this place as a percentage of kills in entire the game.
 B = Kills by you in this place as a percentage of kills by you in the entire game.
 C = Kills by friends in this place as a percentage of kills by friends in the entire game.
 D = Other kills in this place as a percentage of other kills in the entire game.
 E = Experience gained in this place as a percentage of experience gained in the entire game.
 F = Experience gained in this place divided by the number of levels of this place that you have seen.
                   A       B       C       D       E      F
               +-------+-------+-------+-------+-------+----------------------
         Total | 100.0 | 100.0 | 100.0 |  -nan | 100.0 | 713.4
       Dungeon | 100.0 | 100.0 | 100.0 |  -nan | 100.0 | 713.4
               +-------+-------+-------+-------+-------+----------------------

Vanquished Creatures
  Pikel (D:6)
  A wyvern (D:6)
  2 hungry ghosts (D:7)
  A hippogriff (D:7)
  A water moccasin (D:6)
  A slave (D:6)
  An orc warrior (D:7)
  3 ice beasts
  A phantom (D:8)
  4 sky beasts
  4 ogres
  A wasp (D:7)
  A big kobold (D:8)
  3 giant frogs
  2 scorpions
  3 killer bees (D:8)
  4 wights
  A jelly (D:7)
  A centaur skeleton (D:5)
  Crazy Yiuf (D:4)
  3 crimson imps
  4 orc wizards
  3 hounds
  An iguana (D:7)
  6 worker ants
  4 orc priests
  A hound zombie (D:7)
  3 shadow imps
  6 adders
  3 giant mites
  3 worms
  An ooze (D:5)
  14 orcs
  3 ball pythons
  23 bats
  4 giant cockroaches
  16 hobgoblins
  8 jackals
  20 kobolds
  3 quokkas
  A giant cockroach zombie (D:6)
  3 giant geckos
  8 giant newts
  A giant spore (D:7)
  12 goblins
  10 rats
  6 ballistomycetes
207 creatures vanquished.

Vanquished Creatures (collateral kills)
  An orange demon (D:8)
  Eustachio (D:7)
  An ogre (D:7)
  A slave (D:6)
  2 wights (D:7)
  A worker ant (D:8)
  An orc (D:8)
  A bat (D:8)
  A quokka (D:8)
  A giant cockroach (D:6)
  A rat (D:8)
12 creatures vanquished.

Vanquished Creatures (others)
  A smoke demon (D:6)
  A wight (D:6)
  A hound (D:6)
  2 giant spores (D:6)
  A ballistomycete (D:6)
6 creatures vanquished.

Grand Total: 225 creatures vanquished

Notes
Turn   | Place    | Note
--------------------------------------------------------------
     0 | D:1      | gw, the Naga Fighter, began the quest for the Orb.
     0 | D:1      | Reached XP level 1. HP: 21/21 MP: 1/1
   213 | D:1      | Reached XP level 2. HP: 10/28 MP: 2/2
  1001 | D:1      | Reached XP level 3. HP: 34/34 MP: 3/3
  1531 | D:2      | Reached skill level 1 in Throwing
  2294 | D:3      | Reached XP level 4. HP: 42/42 MP: 4/4
  2637 | D:3      | Found a burning altar of Makhleb.
  2678 | D:3      | Found a glowing silver altar of Zin.
  2678 | D:3      | Noticed an angel
  2679 | D:3      | Noticed a blizzard demon
  2681 | D:3      | Became a worshipper of Makhleb the Destroyer
  3066 | D:3      | Reached XP level 5. HP: 49/49 MP: 5/5
  3267 | D:4      | Found a staircase to the Ecumenical Temple.
  3286 | D:4      | Reached skill level 1 in Invocations
  3487 | D:4      | Noticed an ogre
  3494 | D:4      | Acquired Makhleb's first power
  3499 | D:4      | Killed an ogre
  3499 | D:4      | Reached skill level 4 in Long Blades
  3499 | D:4      | Reached XP level 6. HP: 54/57 MP: 5/7
  3874 | D:4      | Noticed Crazy Yiuf
  3880 | D:4      | Killed Crazy Yiuf
  4061 | D:4      | Reached XP level 7. HP: 60/63 MP: 9/9
  4681 | D:5      | Entered Level 5 of the Dungeon
  4880 | D:5      | Reached skill level 5 in Long Blades
  5026 | D:5      | Found a snail-covered altar of Cheibriados.
  5037 | D:5      | Acquired Makhleb's second power
  5310 | D:5      | Reached XP level 8. HP: 73/73 MP: 11/11
  6026 | D:6      | Reached skill level 6 in Long Blades
  6047 | D:6      | Found a sacrificial altar of Ru.
  6169 | D:6      | Found a sacrificial altar of Ru.
  6260 | D:6      | Reached skill level 5 in Fighting
  6539 | D:6      | Acquired Makhleb's third power
  6587 | D:6      | Reached XP level 9. HP: 81/81 MP: 15/15
  6999 | D:6      | Noticed Pikel
  7017 | D:6      | Killed Pikel
  7017 | D:6      | Reached skill level 7 in Long Blades
  7334 | D:7      | Noticed Eustachio
  7352 | D:7      | Killed Eustachio
  7937 | D:7      | Reached XP level 10. HP: 91/91 MP: 18/18
  7938 | D:7      | Reached skill level 8 in Long Blades
  7938 | D:7      | Reached skill level 5 in Shields
  7938 | D:7      | Reached skill level 5 in Invocations
  8461 | D:7      | Acquired Makhleb's fourth power
  8461 | D:7      | Reached skill level 5 in Armour
  8510 | D:8      | Found a white marble altar of Elyvilon.
  8520 | D:8      | Found a bloodstained altar of Trog.
  8812 | D:8      | Noticed Maurice
  9164 | D:8      | HP: 4/91 [poisoned by a killer bee]
  9164 | D:8      | Slain by a killer bee

Action                   |  1- 3 |  4- 6 |  7- 9 | 10-12 || total
-------------------------+-------+-------+-------+-------++-------
Melee: Long sword        |   115 |    95 |   207 |    39 ||   456
       Scimitar          |       |       |       |   168 ||   168
Throw: Stone             |    70 |    44 |     7 |     5 ||   126
       Tomahawk          |       |    14 |    20 |     9 ||    43
       Javelin           |       |    21 |    55 |     8 ||    84
Invok: Lesser Servant of |       |       |     3 |     4 ||     7
       Minor Destruction |       |       |     2 |       ||     2
 Abil: Spit Poison       |       |    15 |    43 |    11 ||    69
  Use: Potion            |     3 |     2 |     5 |     4 ||    14
       Scroll            |     6 |     1 |     7 |     1 ||    15
  Eat: Chunk             |     5 |     6 |    16 |     5 ||    32

Vault maps used:
D:1:      minmay_arrival_cross, minivault_24
D:2:      minmay_misc_feat_nine_boxes
D:3:      grunt_temple_overflow_order_and_chaos_2, serial_glass,
          glass_columns_b, glass_columns_b, grunt_decor_mini_mirrors
D:4:      minmay_temple_entry_large_hall, minmay_strange_pillars,
          uniq_crazy_yiuf_cottage
D:5:      first_bread, cheibriados_altar_1
D:6:      overflow_temple_1_default, nicolae_ru_awakened_eye, uniq_pikel
D:7:      uniq_eustachio
D:8:      nemelex_deck, grunt_temple_overflow_open, lair_0_dummy, uniq_maurice
